 Dungeon Crawl Stone Soup version 0.32-a0-931-g5a2cda0630 (webtiles) character file.

Game seed: 13873543724933748733

16698 horus123 the Cleaver (level 12, -4/106 HPs)
             Began as a Mountain Dwarf Fighter on Apr 14, 2024.
             Was a Priest of Beogh.
             Slain by Bogdar the orc apostle
             ... wielding a +2 hand axe of electrocution
              (8 damage)
             ... on level 2 of the Lair of Beasts.
             The game lasted 00:25:12 (10626 turns).

horus123 the Cleaver (Mountain Dwarf Fighter)      Turns: 10626, Time: 00:25:14

Health: -4/106     AC: 18    Str: 23    XL:     12   Next: 12%
Magic:  17/17      EV: 12    Int:  8    God:    Beogh [***...]
Gold:   196        SH:  6    Dex: 11    Spells: 11/11 levels left

rFire   . . .        d - +2 broad axe
rCold   . . .        c - +1 buckler
rNeg    . . .        E - +0 plate armour
rPois   +            (no helmet)
rElec   .            D - +1 cloak
rCorr   .            x - +0 pair of gloves
SInv    +            (no boots)
Will    +....        t - amulet of the acrobat Stlth
                     H - +5 ring of evasion
HPRegen 0.37/turn    I - ring "Lesuddin" {rPois Str+2 SInv}
MPRegen 0.15/turn

%: acrobat
@: hasted, very quick
A: runic magic, artefact enchanting, iridescent scales 1, dopey 1, inability to
drink after injury 1, inability to read after injury 1
a: Renounce Religion, Smiting


You were on level 2 of the Lair of Beasts.
You worshipped Beogh.
Beogh was most pleased with you.
You visited 3 branches of the dungeon, and saw 11 of its levels.
You also visited: Bailey.

You collected 591 gold pieces.
You spent 395 gold pieces at shops.

Inventory:

Hand Weapons
 d - a +2 broad axe (weapon)
 P - a +2 demon trident
Missiles
 e - 5 throwing nets
 r - 9 javelins
Armour
 c - a +1 buckler (worn)
 x - a +0 pair of gloves (worn)
 D - a +1 cloak (worn)
 E - a +0 plate armour (worn)
Jewellery
 a - a ring of see invisible
 g - a ring of fire
 j - a ring of protection from cold
 l - a ring of poison resistance
 n - a ring of resist corrosion
 t - an amulet of the acrobat (around neck)
 y - a ring of willpower
 H - a +5 ring of evasion (left hand)
 I - the ring "Lesuddin" (right hand) {rPois Str+2 SInv}
   (You bought it in a shop on level 7 of the Dungeon)

   [ring of see invisible]

   Str+2:     It affects your strength (+2).
   rPois:     It protects you from poison.
   SInv:      It lets you see invisible.
 J - a ring of magical power
Wands
 v - a wand of paralysis (15)
 z - a wand of flame (7)
 G - a wand of polymorph (7)
Scrolls
 b - a scroll of revelation
 i - 2 scrolls of amnesia
 m - a scroll of fear
 q - a scroll of silence
 A - 6 scrolls of blinking
 C - a scroll of fog
 F - 3 scrolls of vulnerability
 K - a scroll of poison
 N - a scroll of teleportation
Potions
 h - 3 potions of lignification
 k - 2 potions of attraction {unknown}
 p - 4 potions of heal wounds {unknown}
 s - 4 potions of haste
 u - 2 potions of cancellation {unknown}
 w - a potion of enlightenment {unknown}
 B - a potion of berserk rage {unknown}
 L - a potion of experience {unknown}
 M - 2 potions of mutation
 O - 2 potions of resistance {unknown}
 Q - a potion of degeneration {unknown}


   Skills:
 - Level 10.0 Fighting
 - Level 14.1(15.0) Axes
 + Level 7.1(10.5) Polearms
 - Level 7.0 Armour
 - Level 5.0 Dodging
 - Level 7.0 Shields
 - Level 7.2 Invocations


You had 11 spell levels left.
You didn't know any spells.
Your spell library contained the following spells:

 Spells                   Type           Power      Damage    Failure   Level
 Sting                    Conj/Alch      0%         1d3       69%         1
 Mercury Vapours          Alch/Air       0%         N/A       83%         2
 Olgreb's Toxic Radiance  Alch           0%         N/A       100%        4


Dungeon Overview and Level Annotations

Branches:
Dungeon (8/15)             Temple (1/1) D:5            Lair (2/5) D:8
  Swamp (0/4) Lair:2       Bailey (visited)
  Snake: Lair:2-3    Spider: Lair:2-3

Altars:
Ashenzari
Cheibriados
Dithmenos
Elyvilon
Fedhas
Gozag
Hepliaklqana
Kikubaaqudgha
Makhleb
Nemelex Xobeh
Qazlal
Ru
Sif Muna
Trog
Uskayaw
Vehumet
Wu Jian
Xom
Yredelemnul
Zin
The Shining One

Shops:
D:3 (:   D:4 :   D:7 :*


Innate Abilities, Weirdness & Mutations

Your facial features are unmistakably orcish.
Your spellcasting is much less encumbered by armour.
You can use scrolls of enchantment on lesser artefacts.
You are partially covered in iridescent scales. (AC +2)
You are dopey. (Int -2)
You occasionally lose the ability to drink potions when taking damage.
You occasionally lose the ability to read scrolls when taking damage.


Message History

Okay, then.
Aiming: Smiting
Press: ? - help, Q - select action, (/) - cycle Dir - move target, f - Bogdar Smite: Bogdar the orc apostle, wielding a +2 hand axe of electrocution and wearing a +4 leather armour (lightly wounded, empowered by the touch of Beogh)
Okay, then.
Okay, then.
You slash Bogdar!
Bogdar is moderately wounded.
Bogdar mumbles some strange prayers to Beogh against you.
Beogh smites you!
* * * LOW HITPOINT WARNING * * *
You are confused.
You feel invigorated.
Bogdar mumbles some strange prayers to Beogh against you.
Beogh smites you!
* * * LOW HITPOINT WARNING * * *
You feel yourself speed up. Bogdar barely misses you.
You're too confused to move!
You miss Bogdar.
Bogdar is moderately wounded.
Bogdar hits you but does no damage.
You closely miss Bogdar.
Bogdar is moderately wounded.
Bogdar invokes the aid of Beogh against you.
Beogh smites you!
* * * LOW HITPOINT WARNING * * *
You barely miss Bogdar.
Bogdar is moderately wounded.
You feel less invigorated.
You feel less confused. You block Bogdar's attack.
You slash Bogdar!
Bogdar is moderately wounded.
You closely miss Bogdar.
Bogdar is moderately wounded.
Bogdar hits you with a +2 hand axe of electrocution.
* * * LOW HITPOINT WARNING * * *
You are electrocuted!
You die...
Beogh appreciates Bogdar's killing of a heretic priest.

+P........#......
..........#......
...............
#............ . ....
##.......P..##..
....######...............
.................o.......
................@....#
.................†...#
.....................#
.........(...........#
.....................#
..§....................
§§§...<.................
........................
§.....÷................


You could see Bogdar the orc apostle (divinely empowered).

Vanquished Creatures
  2 vault guards (Bailey)
  Urug (Lair:1)
  A cyclops (D:8)
  4 elephants (Lair:1)
  5 cane toads (Lair:1)
  A rime drake (Lair:1)
  3 komodo dragons
  2 polar bears
  Prince Ribbit (Bailey)
  4 blink frogs (Lair:2)
  Sigmund (D:5)
  5 humans (Bailey)
  A basilisk (Lair:1)
  21 yaks
  Menkaure (D:7)
  10 water moccasins
  2 ice beasts
  An orc warrior (D:8)
  A sky beast (D:7)
  An ogre (D:5)
  9 wolves (Lair:1)
  2 centaurs (D:8)
  3 phantoms
  2 scorpions
  19 bullfrogs
  5 wights (D:5)
  4 howler monkeys
  2 bombardier beetles (D:5)
  A jelly (D:6)
  4 orc priests
  2 hounds
  Crazy Yiuf (D:5)
  3 scrub nettles (Lair:1)
  3 gnoll boudas
  2 iguanas
  5 orc wizards
  10 gnolls
  13 adders
  3 shadow imps
  2 white imps
  2 ufetubi (D:5)
  2 dart slugs
  5 ribbon worms
  14 orcs
  8 ball pythons
  11 endoplasms
  3 giant cockroaches (D:1)
  12 goblins
  8 hobgoblins
  7 quokkas
  A bat (D:3)
  2 frilled lizards
  11 kobolds
  11 rats
260 creatures vanquished.

Vanquished Creatures (others)
  An orc priest (D:3)
  A gnoll (D:8)
  3 orcs
  3 goblins (D:8)
8 creatures vanquished.

Grand Total: 268 creatures vanquished

Notes
Turn   | Place    | Note
-------+----------+-------------------------------------------
     0 | D:1      | horus123 the Mountain Dwarf Fighter began the quest for the
                  | Orb.
     0 | D:1      | Reached XP level 1. HP: 19/19 MP: 1/1
   119 | D:1      | Reached skill level 3 in Axes
   297 | D:1      | Reached XP level 2. HP: 26/26 MP: 2/2
   535 | D:1      | Reached skill level 4 in Axes
   977 | D:2      | Reached XP level 3. HP: 30/31 MP: 3/3
  1180 | D:2      | Reached skill level 5 in Axes
  1203 | D:2      | Reached XP level 4. HP: 36/38 MP: 4/4
  1452 | D:2      | Gained mutation: You occasionally lose the ability to drink
                  | potions when taking damage. [potion of mutation]
  1452 | D:2      | Gained mutation: You occasionally lose the ability to read
                  | scrolls when taking damage. [potion of mutation]
  1452 | D:2      | Gained mutation: You are dopey. (Int -2) [potion of
                  | mutation]
  1452 | D:2      | Gained mutation: You are partially covered in iridescent
                  | scales. (AC +2) [potion of mutation]
  1618 | D:3      | You fall into a shaft and drop 1 floor!
  1724 | D:3      | Reached skill level 6 in Axes
  1880 | D:3      | Reached XP level 5. HP: 45/45 MP: 5/5
  1996 | D:3      | Became a worshipper of Beogh the Shepherd
  2089 | D:3      | Found Tuaph's Weapon Shoppe.
  2431 | D:3      | Found a sparkling altar of Nemelex Xobeh.
  2484 | D:3      | Found Kuaxzod's Book Emporium.
  2706 | D:4      | Reached skill level 7 in Axes
  2883 | D:4      | Found a shimmering altar of Xom.
  2985 | D:4      | Found a sacrificial altar of Ru.
  3113 | D:4      | Reached * piety under Beogh
  3245 | D:4      | Found Duetoc's Book Emporium.
  3396 | D:4      | Reached XP level 6. HP: 34/50 MP: 6/6
  3756 | D:5      | Entered Level 5 of the Dungeon
  3771 | D:5      | Reached skill level 8 in Axes
  3883 | D:5      | Reached skill level 5 in Fighting
  3886 | D:5      | Reached XP level 7. HP: 35/61 MP: 7/7
  3950 | D:5      | Reached skill level 5 in Armour
  3959 | D:5      | Noticed Sigmund
  3968 | D:5      | Killed Sigmund
  4116 | D:5      | Reached skill level 1 in Invocations
  4116 | D:5      | Reached XP level 8. HP: 37/68 MP: 7/9
  4412 | D:5      | Found a staircase to the Ecumenical Temple.
  4427 | Temple   | Entered the Ecumenical Temple
  4482 | D:5      | Found a runed translucent door.
  4483 | D:5      | Noticed Crazy Yiuf
  4673 | D:5      | Reached ** piety under Beogh
  4736 | D:5      | Reached skill level 5 in Invocations
  4907 | D:5      | Killed Crazy Yiuf
  5132 | D:6      | Identified the +10 short sword of Kiat Jyi {protect, Str+2}
  5269 | D:6      | Reached skill level 1 in Dodging
  5795 | D:7      | Found Coof's General Store.
  5861 | D:7      | Bought the ring "Lesuddin" {rPois Str+2 SInv} for 395 gold
                  | pieces
  5875 | D:7      | Noticed Menkaure
  5880 | D:7      | Killed Menkaure
  5881 | D:7      | Reached XP level 9. HP: 67/74 MP: 14/14
  6031 | D:7      | Found Oggumig's Book Shoppe.
  6251 | D:7      | Reached skill level 5 in Dodging
  6260 | D:7      | Reached skill level 5 in Shields
  6771 | D:8      | Found a glowing golden altar of the Shining One.
  6821 | D:8      | Found a flagged portal.
  6835 | Bailey   | Entered a bailey
  6851 | Bailey   | Reached *** piety under Beogh
  6894 | Bailey   | Reached skill level 9 in Axes
  6914 | Bailey   | Reached XP level 10. HP: 71/81 MP: 15/15
  6931 | Bailey   | Reached skill level 10 in Axes
  7017 | Bailey   | Noticed Prince Ribbit
  7017 | Bailey   | Noticed a vault guard
  7034 | Bailey   | Killed a vault guard
  7034 | Bailey   | Killed Prince Ribbit
  7035 | Bailey   | Reached skill level 11 in Axes
  7221 | Bailey   | Noticed a vault guard
  7231 | Bailey   | Killed a vault guard
  7232 | Bailey   | Reached skill level 12 in Axes
  7602 | D:8      | Noticed a cyclops
  7615 | D:8      | Killed a cyclops
  7616 | D:8      | Reached skill level 13 in Axes
  7873 | D:8      | Found a staircase to the Lair.
  7934 | Lair:1   | Entered Level 1 of the Lair of Beasts
  7934 | Lair:1   | Noticed a cane toad
  7954 | Lair:1   | HP: 3/81 [cane toad (3)]
  7959 | Lair:1   | Killed a cane toad
  8315 | Lair:1   | Reached skill level 14 in Axes
  8315 | Lair:1   | Reached XP level 11. HP: 63/86 MP: 16/16
  8612 | Lair:1   | HP: 1/88 [komodo dragon (23)]
  8963 | Lair:1   | Noticed Urug
  8967 | Lair:1   | Killed Urug
  9830 | Lair:2   | Found a staircase to the Swamp.
  9891 | Lair:1   | Reached skill level 10 in Fighting
  9891 | Lair:1   | Reached skill level 1 in Polearms
 10308 | Lair:1   | Reached skill level 5 in Polearms
 10422 | Lair:1   | Reached XP level 12. HP: 62/106 MP: 17/17
 10618 | Lair:2   | HP: 4/106 [Bogdar the orc apostle/divine providence (13)]
 10626 | Lair:2   | HP: 4/106 [Bogdar the orc apostle/+2 hand axe of
                  | electrocution (6)]
 10626 | Lair:2   | Slain by Bogdar the orc apostle

Illustrated notes

Levels and vault maps discovered:
D:1:      psy_arrival_conway, layout_loops_corners, hex_medium
D:2:      layout_rooms
D:3:      kb_forest_paths, layout_rooms, mainiacjoe_overflow_alcove_4,
          serial_shops, nicolae_shop_back_alley_shop, shop,
          minmay_close_crescents
D:4:      layout_basic, nicolae_overflow_crystal_walls,
          regret_index_xom_buried_treasure, kennysheep_windowed_goal
D:5:      layout_basic, minmay_temple_entry_hall, uniq_sigmund,
          uniq_crazy_yiuf_cottage
D:6:      layout_loops_cross
D:7:      layout_loops_ring, serial_shops, shop, nicolae_shop_tiny_waterfront,
          uniq_menkaure
D:8:      layout_rooms, lemuel_tele_altar, david_lair_shrubbed, enter_bailey_3
Temple:   minmay_temple_bridge_d
Lair:1:   layout_cave_pods, evilmike_ambush [evilmike_ambush_outer_pillars,
          evilmike_ambush_inner_basic], uniq_urug
Lair:2:   layout_chaotic_city, swamp_mist, minmay_snake_entry_six_corridors,
          enter_volcano_2, infiniplex_staircase_pool_2, serial_bayou_shore_b

Skill      XL: |  1  2  3  4  5  6  7  8  9 10 11 12 |
---------------+-------------------------------------+-----
Axes           | 3 4 5 6 7 8 9 14 | 14.1
Fighting       | 5 10 | 10.0
Armour         | 4 7 |  7.0
Invocations    | 1 7 |  7.2
Dodging        | 3 5 |  5.0
Shields        | 7 |  7.0
Polearms       | 6 7 |  7.1

Action                     |  1- 3 |  4- 6 |  7- 9 | 10-12 || total
---------------------------+-------+-------+-------+-------++-------
  Melee: War axe           |    85 |   194 |   274 |    33 ||   586
         Broad axe         |       |       |       |   277 ||   277
         Demon trident     |       |       |       |    51 ||    51
  Throw: Throwing net      |       |       |     1 |       ||     1
 Invoke: Convert to Beogh  |       |     1 |       |       ||     1
         Smiting           |       |       |       |    15 ||    15
    Use: Scroll            |       |     7 |     8 |     5 ||    20
         Potion            |       |     1 |       |     6 ||     7
 Armour: Scale mail        |    50 |   150 |    39 |       ||   239
         Plate armour      |       |       |   172 |   306 ||   478
  Dodge: Dodged            |    30 |    84 |   129 |   218 ||   461
  Block: Buckler           |    11 |    31 |    87 |   146 ||   275

Table legend: (Time is in decaauts)
 A = Elapsed time spent in this place.
 B = Non-inter-level travel time spent in this place.
 C = Inter-level travel time spent in this place.
 D = Time resting spent in this place.
 E = Time spent auto-exploring this place.
 F = Levels seen in this place.
 G = Mean time per level.
                   A        B        C        D        E       F      G
               +--------+--------+--------+--------+--------+-----+--------+
         Total |  10709 |  10468 |    241 |   1859 |   6676 |  12 |  892.4 |
       Dungeon |   7312 |   7086 |    226 |    151 |   5604 |   8 |  914.0 |
        Temple |      1 |      1 |      0 |      0 |      0 |   1 |    1.0 |
          Lair |   2669 |   2655 |     14 |   1303 |    900 |   2 | 1334.5 |
        Bailey |    725 |    725 |      0 |    405 |    172 |   1 |  725.0 |
               +--------+--------+--------+--------+--------+-----+--------+

Top non-repeatable levels by time:
  Lair:1: 2422 daAuts
     D:5: 1217 daAuts
     D:4: 1175 daAuts
     D:3: 1027 daAuts
     D:1: 977 daAuts
     D:7: 869 daAuts
     D:6: 783 daAuts
  Bailey: 725 daAuts
     D:2: 641 daAuts
     D:8: 621 daAuts
  Lair:2: 247 daAuts
  Temple: 1 daAuts
